 Dungeon Crawl Stone Soup version 0.17.1-1-g73c8601 (webtiles) character file.

130 Arkorax the Skirmisher (level 4, 0/40 HPs)
             Began as a Centaur Gladiator on Dec 21, 2015.
             Slain by a phantom (5 damage)
             ... on level 4 of the Dungeon.
             The game lasted 00:03:17 (2734 turns).

Arkorax the Skirmisher (Centaur Gladiator)          Turns: 2734, Time: 00:03:17

Health: 0/40       AC:  8    Str: 19    XL:     4   Next: 89%
Magic:  4/4        EV:  5    Int:  7    God:
Gold:   150        SH:  0    Dex:  9    Spells: 0 memorised, 3 levels left

rFire  . . .     SeeInvis .     a - +0 trident
rCold  . . .     Clarity  .     j - +0 chain mail
rNeg   + . .     SustAt   .     (no shield)
rPois  .         Gourm    .     k - +0 helmet
rElec  .         Spirit   .     (no cloak)
rCorr  .         Warding  +     (no gloves)
rMut   .         Stasis   .     (no barding)
MR     .....                    v - amulet of warding (curse)
Stlth  ..........               (no ring)
                                (no ring)

@: very quick, not resistant to hostile enchantments, extremely unstealthy
A: hooves 3, deformed body, speed 2, tough skin 3
a: no special abilities


You were on level 4 of the Dungeon.
You were not hungry.

You visited 1 branch of the dungeon, and saw 4 of its levels.

You collected 150 gold pieces.

Inventory:

Hand Weapons
 a - a +0 trident (weapon)
Missiles
 d - 3 throwing nets (quivered)
Armour
 j - a +0 chain mail (worn)
 k - a +0 helmet (worn)
Jewellery
 v - a cursed amulet of warding (around neck)
Scrolls
 b - 3 scrolls of identify {unknown}
 g - 4 scrolls of recharging {unknown}
 h - a scroll of fear {unknown}
 i - a scroll of remove curse {unknown}
 l - 2 scrolls of teleportation {unknown}
 m - a scroll of noise {unknown}
 n - a scroll of enchant armour {unknown}
 r - a scroll of fog {unknown}
Potions
 c - a potion of might {unknown}
 f - 2 potions of curing {unknown}
 p - a potion of brilliance {unknown}
 q - a potion of berserk rage {unknown}
 s - a potion of poison {unknown}
 t - a potion of heal wounds {unknown}
 w - a potion of cure mutation {unknown}
 z - a potion of degeneration {unknown}
Comestibles
 e - a bread ration
 o - a beef jerky
 u - 3 meat rations
 x - a fruit


   Skills:
 + Level 4.2 Fighting
 + Level 3.8 Polearms
 - Level 2.1 Throwing
 - Level 2.1 Dodging


You had 3 spell levels left.
You didn't know any spells.

Dungeon Overview and Level Annotations

Branches:
Dungeon (4/15)
 Temple: D:4-7

Altars:
Gozag
Zin

Shops:
D:3 *


Innate Abilities, Weirdness & Mutations

You have hooves in place of feet.
Armour fits poorly on your strangely shaped body.
You cover ground very quickly.
You have extremely tough skin (AC +3).


Message History

The phantom hits you but does no damage.
Attack whom?
Press: ? - help, Dir - move target cursor, f/p - phantom
Aim: a phantom (severely damaged)
You barely miss the phantom. Your kick misses the phantom.
The phantom is severely damaged.
The phantom hits you but does no damage.
Attack whom?
Press: ? - help, Dir - move target cursor, f/p - phantom
Aim: a phantom (severely damaged)
You closely miss the phantom.
The phantom is severely damaged.
The phantom blinks!
Attack whom?
Press: ? - help, Dir - move target cursor, f/p - phantom
Aim: a phantom (severely damaged)
You miss the phantom. You kick the phantom, but do no damage.
The phantom is severely damaged.
The phantom hits you.
You die...

........##..##.........#
............########...#
.##.....##..## ##...#
.##.....##...# #....#
.#...........# ##..## ###
.#..........## #..##...#
.###..#####'########..'....#
####..####..##........#...##
...#.........#.W@.....##..#
...+.........#....##### ..#
...#.........#....# ...
..##..##....##....# ##.
..##..###'#########
...+........# ...#........#
#+##........# ..##........#


You could see a phantom.

Vanquished Creatures
  Robin (D:2)
  4 gnolls (D:2)
  An adder skeleton (D:4)
  3 giant geckos
  An orc (D:3)
  11 bats
  6 giant cockroaches
  11 goblins
  10 hobgoblins
  7 jackals
  9 kobolds
  A quokka (D:2)
  3 ball pythons
  4 giant newts
  4 rats
76 creatures vanquished.

Notes
Turn   | Place    | Note
--------------------------------------------------------------
     0 | D:1      | Arkorax the Centaur Gladiator began the quest for the Orb.
     0 | D:1      | Reached XP level 1. HP: 17/17 MP: 1/1
   203 | D:1      | Reached XP level 2. HP: 22/25 MP: 2/2
   340 | D:1      | Reached skill level 3 in Polearms
   650 | D:1      | Reached XP level 3. HP: 29/31 MP: 3/3
   826 | D:2      | Noticed Robin
   874 | D:2      | Killed Robin
  1025 | D:2      | Reached XP level 4. HP: 39/39 MP: 4/4
  1356 | D:2      | Reached skill level 4 in Fighting
  1986 | D:3      | Found a glowing silver altar of Zin.
  2067 | D:3      | Found Gozag's Platinum Reserve.
  2088 | D:3      | Found an opulent altar of Gozag.
  2696 | D:4      | Noticed a phantom
  2734 | D:4      | Slain by a phantom

Action                   |  1- 3 |  4- 6 || total
-------------------------+-------+-------++-------
Melee: Trident           |   140 |   137 ||   277
  Eat: Bread ration      |       |     1 ||     1
       Chunk             |       |     1 ||     1
